 Dungeon Crawl Stone Soup version 0.26.0-16-gc1dbca0489 (webtiles) character file.

Game seed: 12024540163257742874

42 teolandon225 the Sneak (level 3, -4/16 HPs)
             Began as a Spriggan Enchanter on Jan 21, 2021.
             Shot with a stone by a goblin (5 damage)
             ... on level 2 of the Dungeon.
             The game lasted 00:02:14 (2270 turns).

teolandon225 the Sneak (Spriggan Enchanter)         Turns: 2270, Time: 00:02:15

Health: -4/16      AC:  2    Str:  4    XL:     3   Next: 35%
Magic:  8/8        EV: 19    Int: 17    God:
Gold:   32         SH:  0    Dex: 16    Spells: 1/7 levels left

rFire    . . .     SeeInvis +   k - +1 dagger (flame)
rCold    . . .     Faith    .   (shield restricted)
rNeg     . . .     Spirit   .   b - +0 robe
rPois    .         Reflect  .   (helmet restricted)
rElec    .         Harm     .   (no cloak)
rCorr    .         Rampage  .   (gloves unavailable)
Will     .....                  (boots unavailable)
Stlth    +++.......             (no amulet)
HPRegen  0.05/turn              (no ring)
MPRegen  0.11/turn              (no ring)

@: very quick
A: very small, unfitting armour, see invisible, speed 3
a: no special abilities


You were on level 2 of the Dungeon.
You visited 1 branch of the dungeon, and saw 2 of its levels.

You collected 32 gold pieces.

Inventory:

Hand Weapons
 a - a +1 dagger
 k - a +1 dagger of flaming (weapon)
Armour
 b - a +0 robe (worn)
Scrolls
 e - 3 scrolls of identify {unknown}
 f - a scroll of teleportation {unknown}
 i - 2 scrolls of remove curse {unknown}
 l - a scroll of noise {unknown}
 n - a scroll of fear {unknown}
 o - a scroll of immolation {unknown}
Potions
 c - a potion of haste {unknown}
 d - a potion of flight {unknown}
 g - a potion of heal wounds {unknown}
 h - a potion of attraction {unknown}
 j - a potion of berserk rage {unknown}
 m - a potion of cancellation {unknown}


   Skills:
 - Level 1.1 Short Blades
 + Level 3.6 Dodging
 * Level 5.5 Stealth
 - Level 2.6 Spellcasting
 * Level 4.4 Hexes


You had one spell level left.
You knew the following spells:

 Your Spells              Type           Power        Failure   Level
q - Ensorcelled Hibernat  Hex/Ice        18%          11%         2
r - Corona                Hex            18%          3%          1
w - Confusing Touch       Hex            17%          9%          3

Your spell library contained the following spells:

 Spells                   Type           Power        Failure   Level
 Tukima's Dance           Hex            17%          9%          3
 Dazzling Flash           Conj/Hex       18%          22%         3


Dungeon Overview and Level Annotations

Branches:
Dungeon (2/15)

Altars:


Innate Abilities, Weirdness & Mutations

You are very small and have problems with some larger weapons.
You are too small for most types of armour.
You have supernaturally acute eyesight. (SInv)
You cover ground extremely quickly.


Message History

The helpless giant cockroach fails to defend itself.
You impale the giant cockroach!! You burn the giant cockroach.
You kill the giant cockroach!
i - 2 scrolls labelled OCOCEINEOSIW (gained 1)
Found a short sword.
A goblin comes into view.
The goblin shouts!
A goblin is nearby!
A goblin is nearby!
A goblin is nearby!
The goblin wields a +0 hunting sling.
The goblin shoots a stone.
The stone hits you!
Ouch! That really hurt!
You see here a stone.
The goblin shoots a stone.
The stone hits you!
* * * LOW HITPOINT WARNING * * *
You see here 2 stones.
The goblin shoots a stone.
The stone misses you.
The goblin shoots a stone.
The stone hits you.
You die...

#.# #.# ##########.#
#.......##.#
####.......##.#
...........##.# .
#####.......##.# ...
......>.....##.######)....
#####..........@((....g...
#.......##.#####......
#####..###.# ...## ##.#
#.# ..# #.###.# .# #.....#
# #)..#######.
#........... #.#.#.......


You could see a goblin.

Vanquished Creatures
  A worm (D:2)
  2 dart slugs (D:1)
  A leopard gecko (D:2)
  6 bats
  4 giant cockroaches
  A hobgoblin (D:1)
  A ball python (D:1)
  A frilled lizard (D:1)
  6 goblins
  6 kobolds (D:1)
  5 rats
34 creatures vanquished.

Notes
Turn   | Place    | Note
-------+----------+-------------------------------------------
     0 | D:1      | teolandon225 the Spriggan Enchanter began the quest for the
                  | Orb.
     0 | D:1      | Reached XP level 1. HP: 9/9 MP: 5/5
   356 | D:1      | Reached XP level 2. HP: 13/13 MP: 6/6
   359 | D:1      | Learned a level 2 spell: Ensorcelled Hibernation
   518 | D:1      | Reached skill level 5 in Stealth
  1273 | D:1      | Reached XP level 3. HP: 14/16 MP: 2/8
  1378 | D:1      | Learned a level 3 spell: Confusing Touch
  2270 | D:2      | Shot with a stone by a goblin

Illustrated notes

Levels and vault maps discovered:
D:1:      dpeg_arrival_circle_labyrinth_b, layout_basic, serial_forest,
          infiniplex_forest_straight_3, infiniplex_forest_lined_2,
          infiniplex_forest_clump_small, infiniplex_forest_lined_room_2,
          infiniplex_forest_clump_medium, infiniplex_forest_lined_1,
          infiniplex_forest_clump_long, infiniplex_forest_clump_C
D:2:      layout_basic, yredelemnul_forgotten_temple_becter

Skill      XL: |  1  2 |
---------------+-------+-----
Hexes          | 4 |  4.4
Stealth        | 5 |  5.5
Short Blades   | |  1.1
Dodging        | |  3.6
Spellcasting   | |  2.6

Action                   || total
-------------------------++-------
Melee: Dagger            ||    63
 Cast: Corona            ||     3
       Ensorcelled Hiber ||    21
 Stab: Sleeping          ||    25
Armor: Robe              ||     3
Dodge: Dodged            ||    51
